 Dungeon Crawl Stone Soup version 0.21.1-1-g345015f (webtiles) character file.

4 Monsterracer the Chucker (level 1, -1/10 HPs)
             Began as a Spriggan Hunter on Feb 16, 2018.
             Slain by a goblin (3 damage)
             ... on level 1 of the Dungeon.
             The game lasted 00:00:56 (99 turns).

Monsterracer the Chucker (Spriggan Hunter)            Turns: 99, Time: 00:00:57

Health: -1/10      AC:  2    Str:  8    XL:     1   Next: 58%
Magic:  2/2        EV: 18    Int: 12    God:
Gold:   12         SH:  0    Dex: 16    Spells: 0/0 levels left

rFire    . . .     SeeInvis +     - Unarmed
rCold    . . .     Gourm    .   (shield restricted)
rNeg     . . .     Faith    .   b - +0 robe
rPois    .         Spirit   .   (helmet restricted)
rElec    .         Reflect  .   (no cloak)
rCorr    .         Harm     .   (gloves unavailable)
MR       .....                  (boots unavailable)
Stlth    ++........             (no amulet)
HPRegen  0.03/turn              (no ring)
MPRegen  0.08/turn              (no ring)

@: very quick
A: very small, unfitting armour, see invisible, herbivore, speed 3, slow
metabolism 2
a: no special abilities


You were on level 1 of the Dungeon.
You were not hungry.

You visited 1 branch of the dungeon, and saw 1 of its levels.

You collected 12 gold pieces.

Inventory:

Missiles
 d - a throwing net (quivered)
Armour
 b - a +0 robe (worn)
Scrolls
 a - a scroll of identify {unknown}
Comestibles
 c - a ration


   Skills:
 - Level 1.5 Fighting
 - Level 4.0 Throwing
 - Level 3.0 Dodging
 - Level 1.5 Stealth
 + Level 1.0 Unarmed Combat


You couldn't memorise any spells.
You didn't know any spells.

Dungeon Overview and Level Annotations

Branches:
Dungeon (1/15)

Altars:


Innate Abilities, Weirdness & Mutations

You are very small and have problems with some larger weapons.
You are too small for most types of armour.
You have supernaturally acute eyesight. (SInv)
You are a herbivore.
You cover ground extremely quickly.
You need consume almost no food.


Message History

Aim: a jackal (moderately wounded)
You throw a tomahawk. The tomahawk closely misses the jackal.
The jackal struggles against the net.
The net rips apart, and the jackal comes free!
The jackal bites you.
* * * LOW HITPOINT WARNING * * *
You take 2 damage, and have 4/10 hp.
The jackal bites you but does no damage.
The jackal barely misses you.
You see here a tomahawk.
Found a ring mail.
Found 8 poisoned needles.
The jackal closely misses you. The jackal misses you.
You hit the jackal.
The jackal is heavily wounded.
The jackal misses you.
You miss the jackal.
The jackal is heavily wounded.
The jackal misses you.
You closely miss the jackal.
The jackal is moderately wounded.
The jackal bites you.
* * * LOW HITPOINT WARNING * * *
The jackal bites you but does no damage.
You take 1 damage, and have 3/10 hp.
The jackal misses you.
Found a ration.
Found a scroll labeled ARADUI KEIT.
You see here a ring mail.
Found 30 stones.
You see here 8 poisoned needles.
You see here a scroll labeled ARADUI KEIT.
a - a scroll labeled ARADUI KEIT Throwing (i - inventory. (,) - cycle):
f - 8 tomahawks (quivered)
Press: ? - help, Shift-Dir - straight line, f/p - jackal
Aim: a jackal You throw a tomahawk.
The tomahawk hits the jackal.
The jackal is heavily wounded.
The jackal misses you.
Throwing (i - inventory. (,) - cycle):
f - 7 tomahawks (quivered)
Press: ? - help, Shift-Dir - straight line, f/p - jackal
Aim: a jackal You throw a tomahawk.
The tomahawk hits the jackal.
You kill the jackal!
Throwing (i - inventory. (,) - cycle):
f - 6 tomahawks (quivered)
Press: ? - help, Shift-Dir - straight line, f/p - jackal
Aim: a jackal You throw a tomahawk.
The tomahawk barely misses the jackal.
The tomahawk hits the jackal.
The jackal is almost dead.
The jackal completely misses you. The jackal barely misses you.
Throwing (i - inventory. (,) - cycle):
f - 5 tomahawks (quivered)
Press: ? - help, Shift-Dir - straight line, f/p - jackal
Aim: a jackal You throw a tomahawk.
The tomahawk barely misses the jackal.
The tomahawk hits the jackal but does no damage.
The jackal is almost dead.
The jackal misses you.
Throwing (i - inventory. (,) - cycle):
f - 4 tomahawks (quivered)
Press: ? - help, Shift-Dir - straight line, f/p - jackal
Aim: a jackal You throw a tomahawk.
The tomahawk barely misses the jackal.
The tomahawk closely misses the jackal.
The tomahawk hits the goblin.
The goblin is severely wounded.
The jackal misses you. The jackal barely misses you.
Throwing (i - inventory. (,) - cycle):
f - 3 tomahawks (quivered)
Press: ? - help, Shift-Dir - straight line, f/p - jackal
Aim: a jackal You throw a tomahawk.
The tomahawk barely misses the jackal.
The tomahawk hits the jackal.
You kill the jackal!
The jackal completely misses you.
Throwing (i - inventory. (,) - cycle):
f - 2 tomahawks (quivered)
Press: ? - help, Shift-Dir - straight line, f/p - jackal
Aim: a jackal You throw a tomahawk.
The tomahawk barely misses the jackal.
The tomahawk hits the goblin but does no damage.
The goblin is severely wounded.
The jackal completely misses you. The jackal bites you.
* * * LOW HITPOINT WARNING * * *
You take 2 damage, and have 2/10 hp.
Throwing (i - inventory. (,) - cycle):
f - a tomahawk (quivered)
Press: ? - help, Shift-Dir - straight line, f/p - jackal
Aim: a jackal You throw a tomahawk.
The tomahawk hits the jackal!
You kill the jackal!
Your Unarmed Combat skill increases to level 1!
The goblin closely misses you.
You closely miss the goblin.
The goblin is severely wounded.
The goblin closely misses you.
You barely miss the goblin.
The goblin is severely wounded.
The goblin closely misses you.
You closely miss the goblin.
The goblin is severely wounded.
You closely miss the goblin.
The goblin is severely wounded.
The goblin hits you.
You die...

..# ..# ..### ....#
### ..#.. ..###### #
.## ...%.. ... ##
###### #... #.... #
#....###.######...#
####....##[(.(Kg@.(.#
..##....#...#######..#
...#......#.# P.#
.K.#.....##..# .
..K............
..##......##...#
..##......# ##...
..##......... ...
..>.....#####


You could see a goblin and a kobold.

Vanquished Creatures
  3 jackals (D:1)
  A frilled lizard (D:1)
4 creatures vanquished.

Notes
Turn   | Place    | Note
-------+----------+-------------------------------------------
     0 | D:1      | Monsterracer the Spriggan Hunter began the quest for the Orb.
     0 | D:1      | Reached XP level 1. HP: 10/10 MP: 2/2
    38 | D:1      | HP: 5/10 [jackal (2)]
    63 | D:1      | HP: 4/10 [jackal (2)]
    74 | D:1      | HP: 3/10 [jackal (1)]
    94 | D:1      | HP: 2/10 [jackal (2)]
    95 | D:1      | Reached skill level 1 in Unarmed Combat
    99 | D:1      | Slain by a goblin

Skill      XL: |  1 |
---------------+----+-----
Unarmed Combat | 1 |  1.0
Fighting       | |  1.5
Throwing       | |  4.0
Dodging        | |  3.0
Stealth        | |  1.5

Action                   || total
-------------------------++-------
Melee: Unarmed           ||    14
Throw: Tomahawk          ||    10
       Throwing net      ||     1
Armor: Robe              ||     3
Dodge: Dodged            ||    37

Vault maps used:
D:1:      minmay_arrival_solitary_statue, minmay_gold_behind_fungi
